| TOP OF THE 1ST |
|
Lexington Legends batting - Pitching for Clinton LumberKings : RHP Mike Watkins
|
|
Pitching: RHP Mike Watkins
|
|
|
Batting: LHB Edgar Ortiz
|
0-0: Ball 1-0: Ball 2-0: Called Strike 2-1: Ball 3-1: Called Strike 3-2: Foul Ball, location: 2F 3-2: Base on Balls
|
|
Batting: RHB Nate De Jongh
|
0-0: SINGLE (Line Drive, 9S, EV 98.1 MPH) Edgar Ortiz to second
|
|
Batting: RHB Nick Julien
|
0-0: Ball 1-0: Ball 2-0: Called Strike 2-1: Fielders Choice at 2nd, 6-4 (Groundball, 6M, EV 80.0 MPH) Edgar Ortiz to third
|
|
Batting: LHB Pablo Serrato
|
0-0: Swinging Strike 0-1: Called Strike 0-2: Ball 1-2: Ball 2-2: Ball 3-2: Base on Balls Nick Julien to second
|
|
Batting: SHB Bill Ertl
|
0-0: Called Strike 0-1: SINGLE (Line Drive, 34, EV 107.5 MPH) Edgar Ortiz scores Nick Julien to third Pablo Serrato to second
|
|
Batting: RHB Phil Hamby
|
0-0: Ball 1-0: SINGLE (Groundball, 56D, EV 100.0 MPH) Nick Julien scores Pablo Serrato to third Bill Ertl to second
|
|
Batting: RHB Jesus Malave
|
0-0: Ball 1-0: Ball 2-0: SINGLE (Groundball, 6S, EV 73.8 MPH) (infield hit) Pablo Serrato scores Bill Ertl to third Phil Hamby to second
|
|
Batting: RHB Justin Goff
|
0-0: Ball 1-0: Ball 2-0: Grounds into double play, 5-4-3 (Groundball, 5, EV 89.4 MPH)
|
| Top of the 1st over - 3 runs, 4 hits, 0 errors, 2 left on base; Lexington 3 - Clinton 0 |
| BOTTOM OF THE 1ST |
|
Clinton LumberKings batting - Pitching for Lexington Legends : LHP Butch Ott
|
|
Pitching: LHP Butch Ott
|
|
|
Batting: RHB Antonio Oyola
|
0-0: Ball 1-0: Swinging Strike 1-1: Ball 2-1: Foul Ball, location: 2F 2-2: SINGLE (Groundball, 56D, EV 99.4 MPH)
|
|
Batting: LHB Jason Kinney
|
0-0: Ball 1-0: Called Strike 1-1: SINGLE (Flyball, 6D, EV 89.4 MPH) Antonio Oyola to second
|
|
Batting: RHB Kinzo Yokoyama
|
0-0: Ball 1-0: Ball 2-0: Ball 3-0: Called Strike 3-1: Foul Ball, location: 2F 3-2: Fly out, F3 (Popup, 3S, EV 68.1 MPH)
|
|
Batting: RHB Ivan Davila
|
0-0: Foul Ball, location: 2F 0-1: Ball 1-1: Called Strike 1-2: Ball 2-2: Fly out, F9 (Flyball, 9, EV 90.0 MPH)
|
|
Batting: RHB Rich Justice
|
0-0: Ball 1-0: Foul Ball, location: 2F 1-1: Ball 2-1: Called Strike 2-2: Ball 3-2: Foul Ball, location: 2F 3-2: Foul Ball, location: 2F 3-2: Ground out 3-1 (Groundball, 34, EV 98.1 MPH)
|
| Bottom of the 1st over - 0 runs, 2 hits, 0 errors, 2 left on base; Lexington 3 - Clinton 0 |
| TOP OF THE 2ND |
|
Lexington Legends batting - Pitching for Clinton LumberKings : RHP Mike Watkins
|
|
Batting: LHB Danny Pacheco
|
0-0: Ball 1-0: Ball 2-0: Ball 3-0: Called Strike 3-1: Swinging Strike 3-2: Foul Ball, location: 2F 3-2: Strikes out swinging
|
|
Batting: LHB Edgar Ortiz
|
0-0: Ground out 6-3 (Groundball, 6, EV 87.5 MPH)
|
|
Batting: RHB Nate De Jongh
|
0-0: Ball 1-0: Called Strike 1-1: Ball 2-1: Foul Ball, location: 2F 2-2: Ball 3-2: Base on Balls
|
|
Batting: RHB Nick Julien
|
0-0: Foul Ball, location: 2F 0-1: Foul Ball, location: 2F 0-2: Ground out 4-3 (Groundball, 13, EV 85.0 MPH)
|
| Top of the 2nd over - 0 runs, 0 hits, 0 errors, 1 left on base; Lexington 3 - Clinton 0 |
| BOTTOM OF THE 2ND |
|
Clinton LumberKings batting - Pitching for Lexington Legends : LHP Butch Ott
|
|
Batting: RHB Jung-wan Aan
|
0-0: Called Strike 0-1: Foul Ball, location: 2F 0-2: Ball 1-2: Ground out 5-3 (Groundball, 56S, EV 81.9 MPH)
|
|
Batting: SHB Raghnall Ahearne
|
0-0: Called Strike 0-1: Foul Ball, location: 2F 0-2: Ball 1-2: Foul Ball, location: 2F 1-2: Strikes out looking
|
|
Batting: RHB Bryan Shuller
|
0-0: Called Strike 0-1: Ball 1-1: Foul Ball, location: 2F 1-2: Strikes out swinging
|
| Bottom of the 2nd over - 0 runs, 0 hits, 0 errors, 0 left on base; Lexington 3 - Clinton 0 |
| TOP OF THE 3RD |
|
Lexington Legends batting - Pitching for Clinton LumberKings : RHP Mike Watkins
|
|
Batting: LHB Pablo Serrato
|
0-0: Fly out, F5 (Popup, 5F, EV 60.6 MPH)
|
|
Batting: SHB Bill Ertl
|
0-0: Swinging Strike 0-1: Swinging Strike 0-2: Foul Ball, location: 2F 0-2: Hit by Pitch
|
|
Batting: RHB Phil Hamby
|
0-0: Ball 1-0: Foul Ball, location: 2F 1-1: Ball 2-1: Foul Ball, location: 2F 2-2: Ball 3-2: Foul Ball, location: 2F 3-2: Grounds into double play, 6-4-3 (Groundball, 6M, EV 90.0 MPH)
|
| Top of the 3rd over - 0 runs, 0 hits, 0 errors, 0 left on base; Lexington 3 - Clinton 0 |
| BOTTOM OF THE 3RD |
|
Clinton LumberKings batting - Pitching for Lexington Legends : LHP Butch Ott
|
|
Batting: RHB David Greene
|
0-0: Ground out 6-3 (Groundball, 6, EV 102.5 MPH)
|
|
Batting: RHB Antonio Oyola
|
0-0: Called Strike 0-1: Swinging Strike 0-2: Ground out 6-3 (Groundball, 6, EV 98.8 MPH)
|
|
Batting: LHB Jason Kinney
|
0-0: Called Strike 0-1: Ball 1-1: Called Strike 1-2: Ball 2-2: Foul Ball, location: 2F 2-2: Ball 3-2: Strikes out looking
|
| Bottom of the 3rd over - 0 runs, 0 hits, 0 errors, 0 left on base; Lexington 3 - Clinton 0 |
| TOP OF THE 4TH |
|
Lexington Legends batting - Pitching for Clinton LumberKings : RHP Mike Watkins
|
|
Batting: RHB Jesus Malave
|
0-0: Ball 1-0: Ground out U3 (Groundball, 34, EV 81.2 MPH)
|
|
Batting: RHB Justin Goff
|
0-0: Ball 1-0: Ball 2-0: Ball 3-0: Base on Balls
|
|
Batting: LHB Danny Pacheco
|
0-0: Ball Wild Pitch! Justin Goff to second 1-0: Called Strike 1-1: Ball 2-1: DOUBLE (Flyball, 9LM, EV 108.1 MPH) Justin Goff scores
|
|
Batting: LHB Edgar Ortiz
|
0-0: Called Strike 0-1: Foul Ball, location: 2F 0-2: Ground out U3 (Groundball, 3, EV 86.2 MPH) Danny Pacheco to third
|
|
Pitching: LHP Kevin Roberts
|
|
|
Batting: RHB Nate De Jongh
|
0-0: SINGLE (Groundball, 4D, EV 101.9 MPH) Danny Pacheco scores
|
|
Batting: RHB Nick Julien
|
0-0: SINGLE (Groundball, 25, EV 74.4 MPH) (infield hit) Nate De Jongh to second
|
|
Batting: LHB Pablo Serrato
|
0-0: SINGLE (Groundball, 3D, EV 97.5 MPH) Nate De Jongh to third Nick Julien to second Runner from 3rd tries for Home, throw by RF and OUT! 9-2
|
| Top of the 4th over - 2 runs, 4 hits, 0 errors, 2 left on base; Lexington 5 - Clinton 0 |
| BOTTOM OF THE 4TH |
|
Clinton LumberKings batting - Pitching for Lexington Legends : LHP Butch Ott
|
|
Batting: RHB Kinzo Yokoyama
|
0-0: Called Strike 0-1: Foul Ball, location: 2F 0-2: SINGLE (Groundball, 56D, EV 102.5 MPH)
|
|
Batting: RHB Ivan Davila
|
0-0: Called Strike 0-1: Swinging Strike 0-2: Ball 1-2: Ball 2-2: Strikes out swinging
|
|
Batting: RHB Rich Justice
|
0-0: Called Strike Kinzo Yokoyama is caught stealing 2nd base 2-4 0-1: Ball 1-1: DOUBLE (Line Drive, 9LM, EV 95.0 MPH)
|
|
Batting: RHB Jung-wan Aan
|
0-0: Called Strike 0-1: Ball 1-1: Ball 2-1: Ground out U3 (Groundball, 3S, EV 80.6 MPH)
|
| Bottom of the 4th over - 0 runs, 2 hits, 0 errors, 1 left on base; Lexington 5 - Clinton 0 |
| TOP OF THE 5TH |
|
Lexington Legends batting - Pitching for Clinton LumberKings : LHP Kevin Roberts
|
|
Batting: SHB Bill Ertl
|
0-0: Foul Ball, location: 2F 0-1: Foul Ball, location: 2F 0-2: Ball 1-2: Ball 2-2: Ball 3-2: Ground out 4-3 (Groundball, 4, EV 88.1 MPH)
|
|
Batting: RHB Phil Hamby
|
0-0: Ball 1-0: Swinging Strike 1-1: Ball 2-1: Foul Ball, location: 2F 2-2: Foul Ball, location: 2F 2-2: Ball 3-2: Strikes out swinging
|
|
Batting: RHB Jesus Malave
|
0-0: Called Strike 0-1: Ball 1-1: Ball 2-1: Ball 3-1: Base on Balls
|
|
Batting: RHB Justin Goff
|
0-0: Ball Jesus Malave is caught stealing 2nd base 2-4
|
| Top of the 5th over - 0 runs, 0 hits, 0 errors, 0 left on base; Lexington 5 - Clinton 0 |
| BOTTOM OF THE 5TH |
|
Clinton LumberKings batting - Pitching for Lexington Legends : LHP Butch Ott
|
|
Batting: SHB Raghnall Ahearne
|
0-0: Swinging Strike 0-1: Ball 1-1: Ball 2-1: Ball 3-1: Base on Balls
|
|
Batting: RHB Bryan Shuller
|
0-0: Called Strike 0-1: Foul Ball, location: 2F 0-2: Strikes out looking Raghnall Ahearne steals 2nd base (no throw) Batter strikes out.
|
|
Batting: RHB David Greene
|
0-0: Called Strike 0-1: Ball 1-1: Foul Ball, location: 2F 1-2: Foul Ball, location: 2F 1-2: Strikes out swinging
|
|
Pitching: RHP Tony Jimenez
|
|
|
Batting: RHB Antonio Oyola
|
0-0: SINGLE (Groundball, 56S, EV 74.4 MPH) (infield hit) Raghnall Ahearne to third
|
|
Batting: LHB Jason Kinney
|
0-0: Ball 1-0: Ball 2-0: Foul Ball, location: 2F 2-1: SINGLE (Line Drive, 8RS, EV 99.4 MPH) Raghnall Ahearne scores Antonio Oyola to second
|
|
Batting: RHB Kinzo Yokoyama
|
0-0: Ball 1-0: Ball 2-0: Foul Ball, location: 2F 2-1: Foul Ball, location: 2F 2-2: Foul Ball, location: 2F 2-2: Ball 3-2: Fly out, F4 (Popup, 4, EV 58.1 MPH)
|
| Bottom of the 5th over - 1 run, 2 hits, 0 errors, 2 left on base; Lexington 5 - Clinton 1 |
| TOP OF THE 6TH |
|
Lexington Legends batting - Pitching for Clinton LumberKings : LHP Kevin Roberts
|
|
Batting: RHB Justin Goff
|
0-0: Fly out, F7 (Flyball, 7LD, EV 100.0 MPH)
|
|
Batting: LHB Danny Pacheco
|
0-0: Ball 1-0: Called Strike 1-1: Ball 2-1: Ball 3-1: Called Strike 3-2: Ground out 6-3 (Groundball, 6, EV 81.9 MPH)
|
|
Batting: LHB Edgar Ortiz
|
0-0: Ball 1-0: Ball 2-0: Ball 3-0: Base on Balls
|
|
Batting: RHB Nate De Jongh
|
0-0: Called Strike 0-1: Ground out 4-3 (Groundball, 4, EV 100.6 MPH)
|
| Top of the 6th over - 0 runs, 0 hits, 0 errors, 1 left on base; Lexington 5 - Clinton 1 |
| BOTTOM OF THE 6TH |
|
Clinton LumberKings batting - Pitching for Lexington Legends : RHP Tony Jimenez
|
|
Batting: RHB Ivan Davila
|
0-0: Swinging Strike 0-1: Swinging Strike 0-2: Ball 1-2: Strikes out looking
|
|
Batting: RHB Rich Justice
|
0-0: Ball 1-0: Ball 2-0: Called Strike 2-1: Foul Ball, location: 2F 2-2: Hit by Pitch
|
|
Batting: RHB Jung-wan Aan
|
0-0: Ball 1-0: Ball 2-0: Called Strike 2-1: 2-RUN HOME RUN (Flyball, 7D, EV 106.9 MPH), Distance : 397 ft
|
|
Batting: SHB Raghnall Ahearne
|
0-0: Ball 1-0: Ball 2-0: Called Strike 2-1: Swinging Strike 2-2: Ground out 6-3 (Groundball, 6, EV 105.0 MPH)
|
|
Batting: RHB Bryan Shuller
|
0-0: Foul Ball, location: 2F 0-1: Foul Ball, location: 2F 0-2: Ball 1-2: Ball 2-2: Foul Ball, location: 2F 2-2: Strikes out swinging
|
| Bottom of the 6th over - 2 runs, 1 hit, 0 errors, 0 left on base; Lexington 5 - Clinton 3 |
| TOP OF THE 7TH |
|
Lexington Legends batting - Pitching for Clinton LumberKings : LHP Kevin Roberts
|
|
Pitching: RHP Daniel Villalobos
|
|
|
Batting: RHB Nick Julien
|
0-0: Called Strike 0-1: Ball 1-1: Ball 2-1: Swinging Strike 2-2: Foul Ball, location: 2F 2-2: Ground out 4-3 (Groundball, 4S, EV 83.8 MPH)
|
|
Batting: LHB Pablo Serrato
|
0-0: Ball 1-0: Ball 2-0: Ball 3-0: Base on Balls
|
|
Batting: SHB Bill Ertl
|
0-0: Foul Ball, location: 2F 0-1: Swinging Strike 0-2: Foul Ball, location: 2F 0-2: Ball 1-2: Foul Ball, location: 2F 1-2: DOUBLE (Line Drive, 9LM, EV 94.4 MPH) Pablo Serrato to third
|
|
Batting: RHB Phil Hamby
|
0-0: Ball 1-0: Called Strike 1-1: Ball 2-1: Ball 3-1: Swinging Strike 3-2: Base on Balls
|
|
Pitching: RHP Eduardo Arlarcon
|
|
|
Batting: RHB Jesus Malave
|
0-0: Ball 1-0: Foul Ball, location: 2F 1-1: Ball 2-1: Called Strike 2-2: Foul Ball, location: 2F 2-2: Fly out, F7 (Flyball, 7, EV 96.2 MPH)
|
|
Batting: RHB Justin Goff
|
0-0: Ball 1-0: Called Strike 1-1: Ball 2-1: Fielders Choice at 2nd, 6-4 (Groundball, 6, EV 85.0 MPH)
|
| Top of the 7th over - 0 runs, 1 hit, 0 errors, 3 left on base; Lexington 5 - Clinton 3 |
| BOTTOM OF THE 7TH |
|
Clinton LumberKings batting - Pitching for Lexington Legends : RHP Tony Jimenez
|
|
Pitching: RHP Nam Phong
|
|
|
Pinch Hitting: LHB Josh Gottlieb
|
0-0: Foul Ball, location: 2F 0-1: Ball 1-1: Ball 2-1: Ball 3-1: SINGLE (Line Drive, 7S, EV 87.5 MPH)
|
|
Batting: RHB Antonio Oyola
|
Pickoff Play to 1st, Runner tries for 2nd, OUT after rundown. 0-0: Called Strike 0-1: Ball 1-1: Foul Ball, location: 2F 1-2: Ball 2-2: Strikes out swinging
|
|
Batting: LHB Jason Kinney
|
0-0: Ball 1-0: Ball 2-0: Ground out U3 (Groundball, 3L, EV 98.1 MPH)
|
| Bottom of the 7th over - 0 runs, 1 hit, 0 errors, 0 left on base; Lexington 5 - Clinton 3 |
| TOP OF THE 8TH |
|
Lexington Legends batting - Pitching for Clinton LumberKings : RHP Eduardo Arlarcon
|
|
Now at 3B: Tze-meng Li
|
|
|
Now at SS: Rich Justice
|
|
|
Batting: LHB Danny Pacheco
|
0-0: Called Strike 0-1: TRIPLE (Flyball, 8LXD, EV 93.8 MPH)
|
|
Batting: LHB Edgar Ortiz
|
0-0: Intentional Walk
|
|
Batting: RHB Nate De Jongh
|
0-0: Called Strike 0-1: Called Strike 0-2: Ball 1-2: Strikes out looking
|
|
Batting: RHB Nick Julien
|
0-0: Foul Ball, location: 2F 0-1: Called Strike 0-2: Foul Ball, location: 2F 0-2: Foul Ball, location: 2F 0-2: Ball 1-2: SINGLE (Groundball, 56, EV 91.2 MPH) (infield hit) Danny Pacheco scores Edgar Ortiz to second
|
|
Batting: LHB Pablo Serrato
|
0-0: Ball 1-0: Ball 2-0: Foul Ball, location: 2F 2-1: Grounds into double play, 6-4-3 (Groundball, 6, EV 89.4 MPH)
|
| Top of the 8th over - 1 run, 2 hits, 0 errors, 1 left on base; Lexington 6 - Clinton 3 |
| BOTTOM OF THE 8TH |
|
Clinton LumberKings batting - Pitching for Lexington Legends : RHP Nam Phong
|
|
Batting: RHB Kinzo Yokoyama
|
0-0: Ball 1-0: Called Strike 1-1: Foul Ball, location: 2F 1-2: Strikes out swinging
|
|
Batting: RHB Ivan Davila
|
0-0: Ball 1-0: Foul Ball, location: 2F 1-1: Ball 2-1: SINGLE (Line Drive, 9S, EV 112.5 MPH)
|
|
Batting: RHB Rich Justice
|
0-0: SINGLE (Groundball, 6MD, EV 98.8 MPH) Ivan Davila to second
|
|
Batting: RHB Jung-wan Aan
|
0-0: Swinging Strike 0-1: Swinging Strike 0-2: Ball 1-2: Foul Ball, location: 2F 1-2: Strikes out swinging
|
|
Batting: SHB Raghnall Ahearne
|
0-0: Ball 1-0: Called Strike 1-1: Foul Ball, location: 2F 1-2: Ground out 4-3 (Groundball, 4, EV 98.1 MPH)
|
| Bottom of the 8th over - 0 runs, 2 hits, 0 errors, 2 left on base; Lexington 6 - Clinton 3 |
| TOP OF THE 9TH |
|
Lexington Legends batting - Pitching for Clinton LumberKings : RHP Eduardo Arlarcon
|
|
Pitching: RHP Dave Williams
|
|
|
Batting: SHB Bill Ertl
|
0-0: Ball 1-0: Ball 2-0: Called Strike 2-1: SINGLE (Groundball, 4MD, EV 108.8 MPH)
|
|
Batting: RHB Phil Hamby
|
0-0: Ball 1-0: Sac Bunt to 3S - play at first, batter OUT! 3-4 Bill Ertl to second
|
|
Batting: RHB Jesus Malave
|
0-0: Ball 1-0: Foul Ball, location: 2F 1-1: Ball 2-1: Foul Ball, location: 2F 2-2: Ground out 6-3 (Groundball, 6, EV 108.1 MPH)
|
|
Batting: RHB Justin Goff
|
0-0: Ground out 6-3 (Groundball, 6, EV 104.4 MPH)
|
| Top of the 9th over - 0 runs, 1 hit, 0 errors, 1 left on base; Lexington 6 - Clinton 3 |
| BOTTOM OF THE 9TH |
|
Clinton LumberKings batting - Pitching for Lexington Legends : RHP Nam Phong
|
|
Pitching: LHP Tyler Abraham
|
|
|
Batting: RHB Bryan Shuller
|
0-0: DOUBLE (Line Drive, 5D, EV 106.2 MPH)
|
|
Batting: RHB Tze-meng Li
|
0-0: Called Strike 0-1: SINGLE (Groundball, 4MD, EV 97.5 MPH) Bryan Shuller to third
|
|
Batting: RHB Antonio Oyola
|
0-0: Ball 1-0: Ball 2-0: Foul Ball, location: 2F 2-1: Grounds into double play, 4-6-3 (Groundball, 4, EV 86.9 MPH) Bryan Shuller scores
|
|
Batting: RHB Chris Skaff
|
0-0: Foul Ball, location: 2F 0-1: Called Strike 0-2: Foul Ball, location: 2F 0-2: Ball 1-2: Ground out 6-3 (Groundball, 6, EV 78.1 MPH)
|
| Bottom of the 9th over - 1 run, 2 hits, 0 errors, 0 left on base; Lexington 6 - Clinton 4 |
|